 Dungeon Crawl Stone Soup version 0.29-a0-356-g7bc237e783 (webtiles) character file.

Game seed: 9551215566968291752

4795 Shayle the Covert (level 10, -30/64 HPs)
             Began as a Tengu Brigand on Apr 25, 2022.
             Was an Initiate of Ashenzari.
             Hit by a large rock thrown by a cyclops (34 damage)
             ... on level 8 of the Dungeon.
             The game lasted 00:36:21 (12025 turns).

Shayle the Covert (Tengu Brigand)                  Turns: 12025, Time: 00:36:22

Health: -30/64     AC: 15    Str: 11    XL:     10   Next: 48%
Magic:  26/26      EV:  5    Int: 15    God:    Ashenzari [......]
Gold:   19         SH:  0    Dex: 17    Spells: 13/17 levels left

rFire   + . .      SeeInvis .   y - +3 short sword (venom)
rCold   + . .      Faith    .   (no shield)
rNeg    . . .      Spirit   .   I - +1 plate armour {rF+}
rPois   .          Reflect  .   (helmet restricted)
rElec   .          Harm     .   c - +0 cloak
rCorr   .          Rampage  .   w - +2 pair of gloves
Will    .....                   (boots unavailable)
Stlth   ..........              (no amulet)
HPRegen 0.20/turn               e - ring of protection from cold
MPRegen 0.20/turn               v - ring of magical power

@: flying quickly and evasively, quick
A: beak, talons 3, nimble flight
a: Renounce Religion, Curse Item


You were on level 8 of the Dungeon.
You worshipped Ashenzari.
Ashenzari was noncommittal.
You visited 2 branches of the dungeon, and saw 10 of its levels.
You also visited: Sewer and Bailey.

You collected 591 gold pieces.
You spent 572 gold pieces at shops.

Inventory:

Hand Weapons
 a - a +3 dagger
 j - a +0 vorpal war axe
 o - a +1 vorpal quarterstaff
 r - a +0 whip of holy wrath
 y - a +3 short sword of venom (weapon)
Missiles
 d - 23 poisoned darts (quivered)
 F - a curare-tipped dart
Armour
 b - a +0 robe
 c - a +0 cloak (worn)
 l - a +0 chain mail
 w - a +2 pair of gloves (worn)
 G - the +0 ring mail of Vehumet, Singing {Int+3 Dex+3}
   (You found it in a bailey)

   Int:       It affects your intelligence (+3).
   Dex:       It affects your dexterity (+3).
 I - a +1 plate armour of fire resistance (worn)
 L - a +1 scale mail of poison resistance
Jewellery
 e - a ring of protection from cold (left hand)
 p - a ring of fire
 v - a ring of magical power (right hand)
 K - a ring of wizardry
Wands
 m - a wand of acid (4)
 n - a wand of flame (21)
 x - a wand of paralysis (2)
 B - a wand of iceblast (9)
 D - a wand of mindburst (17)
Scrolls
 g - a scroll of fear
 i - a scroll of teleportation
 t - a scroll of summoning
 z - 2 scrolls of identify
 E - 2 scrolls of amnesia
Potions
 f - 2 potions of degeneration
 h - a potion of might
 k - a potion of heal wounds {unknown}
 q - 2 potions of attraction
 s - 2 potions of mutation
 u - 2 potions of flight
 A - a potion of resistance {unknown}
 H - a potion of haste {unknown}
 J - a potion of brilliance {unknown}
Miscellaneous
 C - a lightning rod (4/4)


   Skills:
 - Level 8.3 Fighting
 - Level 2.1 Short Blades
 - Level 2.0 Throwing
 - Level 8.9 Dodging
 - Level 9.6 Stealth
 - Level 4.4 Spellcasting
 + Level 2.5 Conjurations
 + Level 2.0 Fire Magic


You had 13 spell levels left.
You knew the following spells:

 Your Spells              Type           Power      Damage    Failure   Level
a - Flame Wave            Conj/Fire      10%        2d5       100%        4

Your spell library contained the following spells:

 Spells                   Type           Power      Damage    Failure   Level
 Petrify                  Tmut/Erth      3%         N/A       100%        4
 Metabolic Englaciation   Hex/Ice        1%         N/A       100%        5
 Summon Forest            Summ/Tloc      1%         N/A       100%        5
 Summon Mana Viper        Hex/Summ       3%         N/A       100%        5
 Starburst                Conj/Fire      5%         6d4       100%        6
 Statue Form              Tmut/Erth      2%         N/A       100%        6
 Summon Cactus Giant      Summ           1%         N/A       100%        6
 Fire Storm               Conj/Fire      5%         8d1       100%        9


Dungeon Overview and Level Annotations

Branches:
Dungeon (9/15)             Temple (1/1) D:5            Lair (0/6) D:8
  Sewer (visited)          Bailey (visited)
    Orc: D:9-12

Altars:
Ashenzari
Fedhas
Kikubaaqudgha
Ru
Trog
Vehumet
Wu Jian
Xom

Shops:
D:2 [   D:6 *


Innate Abilities, Weirdness & Mutations

You have a beak for a mouth.
You have claws for feet.
Your magical nature lets you fly swiftly and evasively.


Message History

Okay, then.
You start removing your armour.
You continue taking off your +1 scale mail of poison resistance. x4
You finish taking off your +1 scale mail of poison resistance.
You no longer feel resistant to poison.
You start putting on your armour.
You continue putting on your +1 plate armour of fire resistance. x5
You finish putting on your +1 plate armour of fire resistance.
You feel resistant to fire.
There is a stone staircase leading down, spattered with blood here.
You fly downwards.
The cyclops hits you but does no damage.
There is a stone staircase leading up, spattered with blood here.
You hit the cyclops.
The cyclops is poisoned.
Your kick misses the cyclops.
The cyclops is lightly wounded.
You hit the cyclops.
The cyclops looks as sick as possible!
You claw the cyclops, but do no damage.
The cyclops is lightly wounded.
The cyclops hits you!!
You puncture the cyclops!
The cyclops looks as sick as possible!
You claw the cyclops.
The cyclops is moderately wounded.
The cyclops hits you.
You hit the cyclops.
The cyclops looks as sick as possible!
You claw the cyclops! You peck the cyclops.
The cyclops is heavily wounded.
The cyclops hits you!
You hit the cyclops but do no damage.
The cyclops looks as sick as possible!
Your kick misses the cyclops.
The cyclops is severely wounded.
Unknown command.
You hit the cyclops.
The cyclops looks as sick as possible!
You claw the cyclops!
The cyclops is almost dead.
The cyclops hits you!
* * * LOW HITPOINT WARNING * * *
Unknown command.
The cyclops throws a large rock.
The large rock hits you!!
Ouch! That really hurt!
You die...

#.........#....###.#
#.........#.........
#............C......
##.#.####....<....
##.)...........#.##
##<.#..........##.#
#.C##.............#
#.<))..........####
###@...........###
##........#.)....
#####...........
#.#..........
##########............
#.....)..#............
#....))..............
#...................
#........#...........


You could see a cyclops (extremely poisoned).

Vanquished Creatures
  An orc knight (Bailey)
  A deep elf zephyrmancer (Bailey)
  A cyclops (D:7)
  Sigmund (D:3)
  A yak (D:8)
  3 humans (D:6)
  A water moccasin (D:5)
  2 orc warriors (Bailey)
  A sky beast (D:8)
  An ice beast (D:8)
  A black bear (D:7)
  An ogre (D:5)
  A kobold brigand (D:6)
  5 bullfrogs
  A gnoll sergeant (D:7)
  9 wights
  6 killer bees
  3 howler monkeys
  2 hounds
  A jelly (D:7)
  3 orc priests
  Jessica (D:3)
  Ijyb (D:4)
  2 iguanas (D:6)
  7 orc wizards
  Robin (D:3)
  12 adders
  11 gnolls
  2 ufetubi
  A worm (D:2)
  10 dart slugs
  35 orcs
  10 ball pythons
  2 bats
  9 endoplasms
  7 giant cockroaches
  20 goblins
  3 hobgoblins
  11 quokkas
  9 frilled lizards
  10 kobolds
  7 rats
217 creatures vanquished.

Vanquished Creatures (others)
  An orc (D:7)
1 creature vanquished.

Grand Total: 218 creatures vanquished

Notes
Turn   | Place    | Note
-------+----------+-------------------------------------------
     0 | D:1      | Shayle the Tengu Brigand began the quest for the Orb.
     0 | D:1      | Reached XP level 1. HP: 12/12 MP: 2/2
     7 | D:1      | Found a faded altar of an unknown god.
     7 | D:1      | You fall into a shaft and drop 1 floor!
    94 | D:1      | Reached XP level 2. HP: 17/17 MP: 3/3
   665 | D:1      | Reached XP level 3. HP: 22/22 MP: 4/4
  1348 | D:2      | Found Ohuico's Antique Armour Shoppe.
  1586 | D:3      | Noticed Sigmund
  1599 | D:3      | Killed Sigmund
  1600 | D:3      | Reached skill level 5 in Stealth
  1600 | D:3      | Reached XP level 4. HP: 24/29 MP: 5/5
  1600 | D:3      | Gained mutation: Your magical nature lets you fly swiftly
                  | and evasively. [Tengu growth]
  1600 | D:3      | Reached XP level 5. HP: 27/33 MP: 6/6
  1811 | D:3      | Reached XP level 6. HP: 38/38 MP: 7/7
  2792 | D:3      | Noticed Jessica
  2796 | D:3      | Killed Jessica
  2911 | D:3      | Identified the -1 helmet of Midwinter {rF+++ Will- Int-3
                  | SInv}
  2911 | D:3      | Noticed Robin
  3074 | D:3      | Killed Robin
  3876 | D:4      | Noticed Ijyb
  3881 | D:4      | Paralysed by Ijyb for 2 turns
  3888 | D:4      | Killed Ijyb
  4313 | D:5      | Entered Level 5 of the Dungeon
  4329 | D:5      | Reached skill level 6 in Stealth
  4329 | D:5      | Reached XP level 7. HP: 44/44 MP: 8/8
  4782 | D:5      | Reached skill level 5 in Dodging
  4795 | D:5      | HP: 2/44 [water moccasin (6)]
  4800 | D:5      | Reached skill level 5 in Fighting
  4907 | D:5      | Found a glowing drain.
  4912 | Sewer    | Entered a sewer
  5267 | Sewer    | Reached XP level 8. HP: 49/49 MP: 9/9
  5351 | Sewer    | Reached skill level 7 in Stealth
  5512 | D:5      | Found a staircase to the Ecumenical Temple.
  5519 | Temple   | Entered the Ecumenical Temple
  5528 | Temple   | Became a worshipper of Ashenzari the Shackled
  6839 | D:6      | Reached skill level 8 in Stealth
  6939 | D:6      | Found Gaffoevewa's Fire Supplies.
  6965 | D:6      | Reached skill level 1 in Spellcasting
  6965 | D:6      | Reached XP level 9. HP: 29/56 MP: 9/11
  7733 | D:7      | Found a flagged portal.
  7746 | Bailey   | Entered a bailey
  8261 | Bailey   | Noticed an orc knight
  8306 | Bailey   | Killed an orc knight
  8330 | Bailey   | Found a large runed translucent door.
  8330 | Bailey   | Found a large runed translucent door.
  8330 | Bailey   | Noticed a deep elf zephyrmancer
  8401 | Bailey   | Killed a deep elf zephyrmancer
  8402 | Bailey   | Reached skill level 9 in Stealth
  8594 | Bailey   | Identified the +0 ring mail of Vehumet, Singing {Int+3
                  | Dex+3}
  8957 | D:7      | Noticed a cyclops
  8988 | D:7      | Killed a cyclops
  8989 | D:7      | Reached XP level 10. HP: 15/64 MP: 16/16
  9569 | D:8      | Noticed a cyclops
 10080 | D:8      | Found an ancient bone altar of Kikubaaqudgha.
 10080 | D:8      | Found a bloodstained altar of Trog.
 10124 | D:8      | Found a staircase to the Lair.
 10902 | D:6      | Bought the Tome of the Arsonist for 572 gold pieces
 10907 | D:6      | Learned a level 4 spell: Flame Wave
 11189 | D:7      | Reached skill level 1 in Conjurations
 11373 | D:7      | Reached skill level 1 in Fire Magic
 12025 | D:8      | Hit by a large rock thrown by a cyclops

Illustrated notes

Levels and vault maps discovered:
D:1:      wander_arrival_chamber, layout_loops_ring, basic_ecumenical_altar
D:2:      layout_basic, serial_shops, nicolae_shop_trees, kennysheep_minor_cross
D:3:      kennysheep_slugbush, layout_basic, uniq_robin, uniq_sigmund,
          uniq_jessica
D:4:      layout_cave_pools, uniq_ijyb
D:5:      layout_cave_pools, minmay_temple_entry_nine_rooms,
          portal_sewer_entry_e
D:6:      layout_loops_ring, nicolae_shop_fire_sale [nicolae_sub_dead_trees],
          minmay_ruffians
D:7:      layout_basic, enter_bailey_4
D:8:      layout_rooms, chequers_temple_overflow_statue_of_worship,
          lair_entry_dummy, kennysheep_crisscross, grunt_potential
D:9:      layout_long_grid, elyvilon_altar_5, orc_david_3, serial_shops, shop,
          chequers_serial_rivers_small_a, onia_ninara_dug_in_and_dangerous,
          uniq_maggie
Temple:   mainiacjoe_temple_coin_purse

Skill      XL: |  1  2  3  4  5  6  7  8  9 10 |
---------------+-------------------------------+-----
Dodging        | 2 3 4 5 7 8 |  8.9
Fighting       | 3 4 5 6 7 8 |  8.3
Stealth        | 5 6 8 9 |  9.6
Spellcasting   | 1 3 4 |  4.4
Conjurations   | 2 |  2.5
Fire Magic     | 2 |  2.0
Short Blades   | |  2.1
Throwing       | |  2.0

Action                   |  1- 3 |  4- 6 |  7- 9 | 10-12 || total
-------------------------+-------+-------+-------+-------++-------
Melee: Dagger            |    62 |    16 |       |       ||    78
       Kick              |    16 |    28 |    90 |    35 ||   169
       Peck              |     8 |    15 |    40 |    30 ||    93
       Punch             |     1 |       |     2 |     2 ||     5
       Quarterstaff      |       |    51 |       |       ||    51
       Short sword       |       |     1 |   299 |   122 ||   422
Throw: Dart              |     6 |     9 |    42 |     5 ||    62
Evoke: Wand              |       |       |     7 |     3 ||    10
  Use: Scroll            |     9 |     1 |     6 |     9 ||    25
       Potion            |       |       |     3 |     1 ||     4
 Stab: Sleeping          |     1 |       |       |       ||     1
       Invisible         |       |       |     1 |       ||     1
       Paralysed         |       |       |       |     1 ||     1
Armor: Robe              |     7 |       |       |       ||     7
       Chain mail        |    11 |    67 |   192 |    76 ||   346
       Plate armour      |       |       |       |     1 ||     1
Dodge: Dodged            |    21 |    45 |    96 |    64 ||   226

Table legend: (Time is in decaauts)
 A = Elapsed time spent in this place.
 B = Non-inter-level travel time spent in this place.
 C = Inter-level travel time spent in this place.
 D = Time resting spent in this place.
 E = Time spent auto-exploring this place.
 F = Levels seen in this place.
 G = Mean time per level.
                   A        B        C        D        E       F      G
               +--------+--------+--------+--------+--------+-----+--------+
         Total |  11573 |  10959 |    614 |   4110 |   3808 |  12 |  964.4 |
       Dungeon |  10191 |   9585 |    606 |   3412 |   3720 |   9 | 1132.3 |
        Temple |     17 |      9 |      8 |      0 |      0 |   1 |   17.0 |
         Sewer |    470 |    470 |      0 |    174 |     62 |   1 |  470.0 |
        Bailey |    894 |    894 |      0 |    524 |     24 |   1 |  894.0 |
               +--------+--------+--------+--------+--------+-----+--------+

Top non-repeatable levels by time:
     D:7: 2089 daAuts
     D:3: 2086 daAuts
     D:6: 1481 daAuts
     D:5: 1301 daAuts
     D:8: 1014 daAuts
     D:2: 948 daAuts
  Bailey: 894 daAuts
     D:1: 730 daAuts
     D:4: 537 daAuts
   Sewer: 470 daAuts
  Temple: 17 daAuts
     D:9: 1 daAuts
